 Dungeon Crawl Stone Soup version 0.30.0-30-g96aa6591b8 (webtiles) character file.

Game seed: 17059557962734681764

777 Ayven the Ducker (level 7, -8/51 (57) HPs)
             Began as a Minotaur Fighter on June 30, 2023.
             Mangled by a wight
             ... wielding a +0 spear
              (9 damage)
             ... on level 4 of the Dungeon.
             The game lasted 00:08:57 (2954 turns).

Ayven the Ducker (Minotaur Fighter)                 Turns: 2954, Time: 00:08:58

HP:   -8/51 (57)    AC:  5    Str: 22    XL:     7   Next: 54%
MP:   6/6           EV: 13    Int:  5    God:
Gold: 139           SH:  4    Dex: 10    Spells: 6/6 levels left

rFire   + . .        x - +2 flail
rCold   . . .        c - +0 buckler
rNeg    . . .        u - +2 leather armour {rF+}
rPois   .            (helmet restricted)
rElec   .            (no cloak)
rCorr   .            (no gloves)
SInv    .            (no boots)
Will    .....        (no amulet)
Stlth   +            (no ring)
HPRegen 0.28/turn    (no ring)
MPRegen 0.10/turn

%: no passive effects
@: heavily drained
A: horns 2, retaliatory headbutt
a: no special abilities


You were on level 4 of the Dungeon.
You visited 1 branch of the dungeon, and saw 4 of its levels.

You collected 139 gold pieces.

Inventory:

Hand Weapons
 a - a +0 war axe
 v - a +1 dagger of draining
 x - a +2 flail (weapon)
Armour
 b - a +0 scale mail
 c - a +0 buckler (worn)
 u - a +2 leather armour of fire resistance (worn)
Jewellery
 p - a ring of willpower
Scrolls
 f - a scroll of blinking {unknown}
 g - 2 scrolls of fog {unknown}
 h - a scroll of torment {unknown}
 i - 2 scrolls of enchant armour {unknown}
 j - 3 scrolls of identify {unknown}
 k - a scroll of amnesia {unknown}
 m - a scroll of poison {unknown}
 n - 5 scrolls of magic mapping {unknown}
 o - a scroll of enchant weapon {unknown}
 q - a scroll of noise {unknown}
 r - 2 scrolls of teleportation {unknown}
 s - a scroll of immolation {unknown}
Potions
 d - a potion of might
 e - 2 potions of degeneration {unknown}
 l - a potion of attraction {unknown}
 t - a potion of ambrosia {unknown}
 w - a potion of heal wounds {unknown}


   Skills:
 - Level 3.6 Fighting
 + Level 5.5 Axes
 + Level 6.2 Armour
 * Level 6.4 Dodging
 - Level 3.6 Shields


You had 6 spell levels left.
You didn't know any spells.
Your spell library contained the following spells:

 Spells                   Type           Power      Damage    Failure   Level
 Blink                    Tloc           0%         N/A       75%         2
 Lesser Beckoning         Tloc           0%         N/A       75%         2
 Momentum Strike          Conj/Tloc      0%         3d8       75%         2


Dungeon Overview and Level Annotations

Branches:
Dungeon (4/15)             Temple (0/1) D:4

Altars:
Makhleb
Okawaru


Innate Abilities, Weirdness & Mutations

You have a pair of horns on your head.
You reflexively headbutt those who attack you in melee.


Message History

You hit the wight but do no damage.
The wight is lightly damaged.
The wight closely misses you.
You slash the wight! You headbutt the wight.
The wight is almost destroyed.
The wight barely misses you. The wight closely misses you.
You closely miss the wight. Your headbutt misses the wight.
The wight is almost destroyed.
You block the wight's attack.
You barely miss the wight.
The wight is almost destroyed.
The wight closely misses you.
You slash the wight!
You destroy the wight!
Things that are here:
a +2 flail; a +0 robe
x - a +2 flail
x - a +2 flail (weapon)
Nothing quivered!
A wight comes into view. It is wielding a +2 halberd.
A wight comes into view. It is wielding a +3 halberd.
A wight comes into view. It is wielding a +0 spear.
The wight barely misses you. The wight barely misses you.
The wight hits you with a +2 halberd!
You feel drained. You block the wight's attack. The wight closely misses you.
You hit the wight. You headbutt the wight!
The wight is severely damaged.
The wight barely misses you. x2; The wight closely misses you.
You hit the wight.
You destroy the wight!
The wight hits you from afar with a +0 spear!
You feel drained. The wight barely misses you.
The wight hits you from afar with a +0 spear!
The wight hits you with a +3 halberd!
* * * LOW HITPOINT WARNING * * *
You feel drained.
* * * LOW HITPOINT WARNING * * *
The wight hits you with a +0 spear!
You die...

.# #.######.#.#... # .#
#.....#..#.### .#
.####.....#.##...###...
.......†....#........#.#
####.......##..>..##...#
.........#..[.....#..#
.###.......###...##..#
.# ###.......###.# .#
.......##...#@# ##
###.......#..zz..# #
#..#.##.##.#...# #
....#.## #....## #
≈...#. ##.... # .... ##
~~≈.. .# ~~~≈♣# .#


You could see 2 wights.

Vanquished Creatures
  Sigmund (D:2)
  Duvessa (D:4)
  A phantom (D:3)
  A scorpion (D:4)
  2 wights (D:4)
  Dowan (D:4)
  A quasit (D:4)
  An orc priest (D:2)
  A jelly (D:3)
  An orc wizard (D:2)
  5 adders
  2 worms (D:3)
  3 dart slugs
  2 orcs (D:2)
  6 ball pythons
  2 endoplasms
  2 giant cockroaches
  2 goblins (D:2)
  3 hobgoblins (D:1)
  4 jackals (D:1)
  4 quokkas
  5 bats
  2 frilled lizards
  7 kobolds
  5 rats
65 creatures vanquished.

Notes
Turn   | Place    | Note
-------+----------+-------------------------------------------
     0 | D:1      | Ayven the Minotaur Fighter began the quest for the Orb.
     0 | D:1      | Reached XP level 1. HP: 19/19 MP: 0/0
   244 | D:1      | Reached skill level 1 in Dodging
   337 | D:1      | Reached XP level 2. HP: 26/26 MP: 1/1
   976 | D:2      | Reached XP level 3. HP: 30/31 MP: 2/2
  1049 | D:2      | Noticed Sigmund
  1061 | D:2      | Killed Sigmund
  1062 | D:2      | Reached XP level 4. HP: 26/39 MP: 3/3
  1062 | D:2      | Reached XP level 5. HP: 30/45 MP: 4/4
  1282 | D:2      | Reached skill level 5 in Armour
  1292 | D:2      | Reached XP level 6. HP: 50/51 MP: 5/5
  1741 | D:3      | Reached skill level 5 in Dodging
  2019 | D:3      | Found a burning altar of Makhleb.
  2645 | D:4      | Found an iron altar of Okawaru.
  2647 | D:4      | Noticed Dowan
  2648 | D:4      | Noticed Duvessa
  2662 | D:4      | Killed Duvessa
  2663 | D:4      | Reached skill level 5 in Axes
  2663 | D:4      | Reached XP level 7. HP: 25/57 MP: 6/6
  2666 | D:4      | Killed Dowan
  2859 | D:4      | Found a staircase to the Ecumenical Temple.
  2954 | D:4      | HP: 1/51 [wight/+3 halberd (2)]
  2954 | D:4      | Mangled by a wight

Illustrated notes

Levels and vault maps discovered:
D:1:      scummos_arrival_gate, layout_loops_corners, minmay_misc_feat_doors
D:2:      cheibrodos_pilgrimage, layout_basic, uniq_sigmund
D:3:      cheibrodos_old_hovel, layout_basic, bloody_makhleb,
          serial_corexii_hall, corexii_hall_statues_l, chequers_hall_statues_y
D:4:      layout_loops_ring, amcnicky_altar_gilded,
          mainiacjoe_overflow_cross_hatched, nemelex_xobeh_ov_fountains_minmay,
          mainiacjoe_overflow_24_doors, minmay_temple_entry_slanted,
          serial_demonic, serial_demonic_g, serial_demonic_a, serial_demonic_f,
          serial_demonic_a, serial_demonic_b, serial_demonic_d,
          serial_demonic_f, serial_shops, nicolae_shop_behind_doors,
          nicolae_titane, uniq_duvessa

Skill      XL: |  1  2  3  4  5  6  7 |
---------------+----------------------+-----
Dodging        | 1 2 4 5 6 |  6.4
Armour         | 4 5 6 |  6.2
Axes           | 3 4 5 |  5.5
Fighting       | |  3.6
Shields        | |  3.6

Action                     |  1- 3 |  4- 6 |  7- 9 || total
---------------------------+-------+-------+-------++-------
  Melee: War axe           |    71 |    67 |    24 ||   162
         Headbutt          |     8 |    15 |     4 ||    27
         Flail             |       |       |     2 ||     2
 Armour: Scale mail        |    38 |    30 |     1 ||    69
         Leather armour    |       |       |     6 ||     6
  Dodge: Dodged            |    47 |    32 |    23 ||   102
  Block: Buckler           |    21 |    14 |     8 ||    43
